 Dungeon Crawl Stone Soup version 0.29-a0-266-gf56f883ddd (webtiles) character file.

Game seed: 1473407613570964656

1131 avis the Ruffian (level 8, -5/66 HPs)
             Began as a Hill Orc Transmuter on Mar 6, 2022.
             Succumbed to a water moccasin's poison
             ... on level 5 of the Dungeon.
             The game lasted 00:31:14 (5025 turns).

avis the Ruffian (Hill Orc Transmuter)              Turns: 5025, Time: 00:31:15

Health: -5/66      AC:  2    Str: 13    XL:     8   Next: 36%
Magic:  10/12      EV: 18    Int: 15    God:
Gold:   235        SH:  0    Dex: 16    Spells: 5/13 levels left

rFire   . . .      SeeInvis .     - Unarmed
rCold   . . .      Faith    .   (shield currently unavailable)
rNeg    . . .      Spirit   .   (body armour currently unavailable)
rPois   x          Reflect  .   (helmet currently unavailable)
rElec   .          Harm     .   (cloak currently unavailable)
rCorr   .          Rampage  .   (gloves currently unavailable)
Will    .....                   (boots currently unavailable)
Stlth   +.........              D - amulet of regeneration
HPRegen 1.01/turn               (no ring)
MPRegen 0.13/turn               (no ring)

@: lethally poisoned (-5 -> -68), spider-form
A: venomous fangs, tiny
a: End Transformation


You were on level 5 of the Dungeon.
You were a venomous arachnid creature.
You visited 1 branch of the dungeon, and saw 6 of its levels.

You collected 404 gold pieces.
You spent 169 gold pieces at shops.

Inventory:

Hand Weapons
 b - the +6 hunting sling of Heczaif (melded) {venom, Int+3}
   (You bought it in a shop on level 4 of the Dungeon)

   Any ammunition fired from it poisons the flesh of those it strikes.
   Int:       It affects your intelligence (+3).
 h - a +1 antimagic mace
 k - a +0 trident
 l - a +0 scythe
 r - a +0 spear
 x - a +0 trident
Missiles
 j - 2 javelins
 p - 92 stones
 q - a throwing net
 G - 2 boomerangs
 H - 6 curare-tipped darts
 K - 5 poisoned darts
Armour
 a - a +0 leather armour
 m - a +2 robe (melded)
 n - a +0 chain mail
 u - a +0 chain mail of cold resistance
 y - a +1 pair of gloves (melded)
 J - a +0 chain mail
Magical Staves
 f - a staff of cold
 F - a staff of air
Jewellery
 w - an amulet of guardian spirit
 D - an amulet of regeneration (around neck)
Wands
 B - a wand of iceblast (1)
 E - a wand of flame (15)
Scrolls
 d - a scroll of blinking {unknown}
 g - a scroll of amnesia {unknown}
 s - a scroll of vulnerability {unknown}
 C - 2 scrolls of teleportation {unknown}
Potions
 c - a potion of degeneration {unknown}
 e - 2 potions of ambrosia
 i - 2 potions of magic {unknown}
 o - 4 potions of brilliance
 t - 2 potions of attraction
 v - a potion of curing {unknown}
 z - 3 potions of mutation {unknown}
 A - 2 potions of flight {unknown}
 I - a potion of haste {unknown}


   Skills:
 * Level 4.2 Fighting
 - Level 1.5 Dodging
 - Level 7.0 Unarmed Combat
 - Level 3.0 Spellcasting
 - Level 4.0 Transmutations
 - Level 2.0 Ice Magic
 - Level 2.0 Poison Magic


You had 5 spell levels left.
You knew the following spells:

 Your Spells              Type           Power      Damage    Failure   Level
a - Beastly Appendage     Tmut           28%        N/A       12%         1
p - Spider Form           Tmut/Pois      11%        N/A       36%         3
q - Ice Form              Ice/Tmut       11%        N/A       71%         4

Your spell library contained the following spells:

 Spells                   Type           Power      Damage    Failure   Level
 Wereblood                Tmut           14%        N/A       17%         2
 Pain                     Necr           8%         1d4       41%         1
 Shock                    Conj/Air       8%         1d3       41%         1
 Slow                     Hex            8%         N/A       41%         1
 Confusing Touch          Hex            2%         N/A       73%         3
 Swiftness                Air            2%         N/A       73%         3
 Tukima's Dance           Hex            2%         N/A       73%         3
 Vampiric Draining        Necr           2%         2d6       73%         3
 Airstrike                Air            1%         N/A       97%         4
 Passage of Golubria      Tloc           2%         N/A       97%         4
 Yara's Violent Unravell  Hex/Tmut       4%         3d4       98%         5
 Agony                    Necr           2%         N/A       100%        5
 Excruciating Wounds      Necr           1%         N/A       100%        5


Dungeon Overview and Level Annotations

Branches:
Dungeon (6/15)
 Temple: D:4-7

Altars:

Shops:
D:4 *

Annotations:
D:3 1 runed translucent door, Kissindre's ghost, weakling DrTm


Message History

The hound barely misses you. The orc misses you. The orc barely misses you.
You hit the water moccasin.
The water moccasin is moderately wounded.
The water moccasin bites you. The hound misses you.
The orc closely misses you. x2
The water moccasin bites you but does no damage.
You hit the water moccasin.
The water moccasin is moderately wounded.
The hound barely misses you. The water moccasin barely misses you.
You bite the water moccasin!
The water moccasin is poisoned.
The water moccasin is heavily wounded.
The hound closely misses you.
The orc hits you with a +2 whip of electrocution!
The orc completely misses you. The water moccasin bites you.
You are poisoned.
The water moccasin poisons you! The hound bites you.
You hit the orc but do no damage.
The orc is poisoned.
You feel very sick. The orc closely misses you. The orc barely misses you.
The water moccasin misses you. The hound bites you.
You hit the orc.
The orc looks even sicker.
The orc is moderately wounded.
You feel very sick. The water moccasin bites you.
You are lethally poisoned!
The water moccasin poisons you! The hound barely misses you.
The orc completely misses you. The orc hits you with a +0 dagger.
The water moccasin closely misses you.
You barely miss the hound.
You feel extremely sick.
You kill the orc!
The hound bites you but does no damage. The orc misses you.
The water moccasin closely misses you. The hound completely misses you.
* * * LOW HITPOINT WARNING * * *
You feel extremely sick. The water moccasin bites you.
* * * LOW HITPOINT WARNING * * *
You are more poisoned.
The water moccasin poisons you! The hound attacks as you move away!
The hound bites you but does no damage.
You die...

..........#..##.#...#........##
#.>.......#..#.....#..........#
#.........#..................##
#............................#
...........................###
...<......................#######
##................h.^.......##..#
##............#...So.............
..........#####.s.....##.<......#
#..........###.......##..#.....##
###...##.............##..#...###
#...#.......###....###.....#
####.####....####.....#......#
##.#..# ##...###..##..#......#
......# #.....##.###.....#...#
......####..............##..##
......#......#......#..####.###


You could see a water moccasin (very poisoned), a hound and an orc.

Vanquished Creatures
  Sigmund (D:2)
  A water moccasin (D:5)
  2 ice beasts
  An ogre (D:6)
  A bullfrog (D:5)
  2 scorpions
  2 howler monkeys
  2 hounds (D:4)
  Jessica (D:2)
  2 iguanas
  Ijyb (D:5)
  Terence (D:2)
  3 adders
  3 gnolls
  A white imp (D:5)
  2 worms
  6 dart slugs
  6 orcs
  6 endoplasms
  6 giant cockroaches
  3 goblins
  6 hobgoblins
  4 jackals (D:2)
  3 quokkas
  4 ball pythons
  8 bats
  3 frilled lizards (D:3)
  5 kobolds
  9 rats
95 creatures vanquished.

Notes
Turn   | Place    | Note
-------+----------+-------------------------------------------
     0 | D:1      | avis the Hill Orc Transmuter began the quest for the Orb.
     0 | D:1      | Reached XP level 1. HP: 16/16 MP: 3/3
   180 | D:1      | Reached XP level 2. HP: 25/25 MP: 2/4
   258 | D:1      | Found a faded altar of an unknown god.
   620 | D:2      | Reached XP level 3. HP: 30/31 MP: 3/5
   624 | D:2      | Learned a level 3 spell: Spider Form
   671 | D:2      | Reached skill level 4 in Unarmed Combat
   898 | D:2      | Noticed Sigmund
   911 | D:2      | Killed Sigmund
   912 | D:2      | Reached XP level 4. HP: 6/38 MP: 3/7
   912 | D:2      | Reached XP level 5. HP: 7/45 MP: 3/8
  1192 | D:2      | Noticed Jessica
  1195 | D:2      | Noticed Terence
  1200 | D:2      | Killed Jessica
  1207 | D:2      | Killed Terence
  1208 | D:2      | Reached XP level 6. HP: 48/51 MP: 6/9
  1756 | D:2      | Reached skill level 5 in Unarmed Combat
  2280 | D:3      | Found a runed translucent door.
  2283 | D:3      | Noticed Kissindre's ghost (weakling DrTm)
  3111 | D:4      | Found Jiyj's Assorted Antiques.
  3191 | D:4      | Learned a level 4 spell: Ice Form
  3353 | D:4      | Reached XP level 7. HP: 28/57 MP: 5/10
  4062 | D:4      | Bought a polished hunting sling for 169 gold pieces
  4062 | D:4      | Identified the +6 hunting sling of Heczaif {venom, Int+3}
                  | (You bought it in a shop on level 4 of the Dungeon)
  4137 | D:5      | Entered Level 5 of the Dungeon
  4375 | D:5      | Noticed Ijyb
  4383 | D:5      | Killed Ijyb
  4392 | D:5      | Reached skill level 6 in Unarmed Combat
  4407 | D:5      | Reached XP level 8. HP: 8/66 MP: 10/12
  4413 | D:5      | Reached skill level 7 in Unarmed Combat
  4901 | D:5      | Upgraded the game from 0.29-a0-251-g80730f7218 to
                  | 0.29-a0-266-gf56f883ddd
  5025 | D:5      | Succumbed to a water moccasin's poison

Illustrated notes

Levels and vault maps discovered:
D:1:      matt_arrival_diagonals, layout_rooms,
          dreamdust_ecumenical_altar_angels_and_demons, minmay_rat_gold_closets
D:2:      layout_loops_ring, uniq_jessica, uniq_terence, uniq_sigmund
D:3:      layout_basic, ebering_ghost_inner_flame, corner_web_ring
D:4:      layout_gridville, serial_shops, nicolae_shop_behind_doors,
          minmay_misc_feat_enclosed, kennysheep_generic_room_3
D:5:      layout_cave_pools, uniq_ijyb
D:6:      layout_basic, kennysheep_mini, temple_pool_b

Skill      XL: |  1  2  3  4  5  6  7  8 |
---------------+-------------------------+-----
Fighting       | 2 3 4 |  4.2
Unarmed Combat | 4 5 6 7 |  7.0
Ice Magic      | 2 |  2.0
Poison Magic   | 2 |  2.0
Spellcasting   | 2 3 |  3.0
Transmutations | 2 3 4 |  4.0
Dodging        | |  1.5

Action                   |  1- 3 |  4- 6 |  7- 9 || total
-------------------------+-------+-------+-------++-------
Melee: Unarmed           |    60 |   131 |    73 ||   264
       Kick              |    10 |    16 |     1 ||    27
       Headbutt          |     6 |     9 |     2 ||    17
 Fire: Hunting sling     |       |       |    13 ||    13
 Cast: Beastly Appendage |    20 |    17 |     2 ||    39
       Spider Form       |     1 |    15 |    10 ||    26
  Use: Scroll            |       |     4 |       ||     4
       Potion            |       |       |     2 ||     2
 Stab: Sleeping          |     2 |     2 |     2 ||     6
Armor: Robe              |     8 |    24 |     4 ||    36
       Skin              |       |     1 |     5 ||     6
Dodge: Dodged            |    31 |    90 |    88 ||   209

Table legend: (Time is in decaauts)
 A = Elapsed time spent in this place.
 B = Non-inter-level travel time spent in this place.
 C = Inter-level travel time spent in this place.
 D = Time resting spent in this place.
 E = Time spent auto-exploring this place.
 F = Levels seen in this place.
 G = Mean time per level.
                   A        B        C        D        E       F      G
               +--------+--------+--------+--------+--------+-----+--------+
         Total |   5019 |   4587 |    432 |   1255 |   2042 |   6 |  836.5 |
       Dungeon |   5019 |   4587 |    432 |   1255 |   2042 |   6 |  836.5 |
               +--------+--------+--------+--------+--------+-----+--------+

Top non-repeatable levels by time:
     D:2: 1303 daAuts
     D:4: 1230 daAuts
     D:3: 1176 daAuts
     D:5: 726 daAuts
     D:1: 566 daAuts
     D:6: 16 daAuts
